[ AOE2 MATCH · #477129397 ]
UnrankedPortuguese vs Franks
[ REPLAY ANALYSIS · EXTRACTED FROM THE RECORDED GAME ]
Feudal
—
Castle
—
Imperial
—
| APM avg | 18.2 |
| APM peak | 6 |
| eAPM avg | 18.2 |
| Villagers / military | 0 / 0 |
Feudal
—
Castle
—
Imperial
—
| APM avg | 24.2 |
| APM peak | 8 |
| eAPM avg | 24.2 |
| Villagers / military | 4 / 0 |
Focus
⚔️ 0.0% · 🌾 100.0%
Feudal
—
Castle
—
Imperial
—
| APM avg | 48.5 |
| APM peak | 16 |
| eAPM avg | 45.4 |
| Villagers / military | 4 / 0 |
Focus
⚔️ 0.0% · 🌾 100.0%
Feudal
—
Castle
—
Imperial
—
| APM avg | 21.2 |
| APM peak | 7 |
| eAPM avg | 21.2 |
| Villagers / military | 4 / 0 |
Focus
⚔️ 0.0% · 🌾 100.0%
Feudal
—
Castle
—
Imperial
—
| APM avg | 90.9 |
| APM peak | 30 |
| eAPM avg | 21.2 |
| Villagers / military | 2 / 0 |
Focus
⚔️ 0.0% · 🌾 100.0%
Feudal
—
Castle
—
Imperial
—
| APM avg | 27.3 |
| APM peak | 9 |
| eAPM avg | 27.3 |
| Villagers / military | 0 / 0 |
Feudal
—
Castle
—
Imperial
—
| APM avg | 54.5 |
| APM peak | 18 |
| eAPM avg | 30.3 |
| Villagers / military | 4 / 0 |
Focus
⚔️ 0.0% · 🌾 100.0%
Feudal
—
Castle
—
Imperial
—
| APM avg | 30.3 |
| APM peak | 10 |
| eAPM avg | 27.3 |
| Villagers / military | 4 / 0 |
Focus
⚔️ 0.0% · 🌾 100.0%
Match map
Initial resources + every placement click. Lines = walls · curves = elevation contours. ◆ gold · ⬟ stone · ● berries · ✦ relic · ◌ wall gap
Your base
Forever_Alone's base
Skrell's base
DenVanGump's base
the moor's base
puto amo's base
Bagwell's base
Bojanzkovic's base
Smoothed initial terrain · ◌ = detected wall gap · hover for details
Inputs per minute
— yoyo_berlin - - Forever_Alone
Build order — yoyo_berlin
0 actions detected in the replay
Build order — Forever_Alone
5 actions detected in the replay
| 0:00 | Create | Villager (Male) |
| 0:01 | Create | Villager (Male) |
| 0:01 | Create | Villager (Male) |
| 0:01 | Create | Villager (Male) |
| 0:03 | Build | House |
Build order — Skrell
6 actions detected in the replay
| 0:03 | Build | House |
| 0:05 | Build | House |
| 0:07 | Create | Villager (Male) |
| 0:07 | Create | Villager (Male) |
| 0:08 | Create | Villager (Male) |
| 0:08 | Create | Villager (Male) |
Build order — DenVanGump
4 actions detected in the replay
| 0:02 | Create | Villager (Male) |
| 0:02 | Create | Villager (Male) |
| 0:02 | Create | Villager (Male) |
| 0:02 | Create | Villager (Male) |
Build order — the moor
4 actions detected in the replay
| 0:01 | Create | Villager (Male) |
| 0:03 | Build | House |
| 0:04 | Build | House |
| 0:06 | Create | Villager (Male) |
Build order — puto amo
0 actions detected in the replay
Build order — Bagwell
6 actions detected in the replay
| 0:03 | Create | Villager (Male) |
| 0:03 | Create | Villager (Male) |
| 0:03 | Create | Villager (Male) |
| 0:07 | Build | House |
| 0:07 | Build | House |
| 0:18 | Create | Villager (Male) |
Build order — Bojanzkovic
4 actions detected in the replay
| 0:05 | Build | House |
| 0:06 | Build | House |
| 0:07 | Build | House |
| 0:14 | Create | Villager (Male) ×4 |
Match timeline
| 0:01 | puto amo · resign |
[ AI ANALYSIS · 1 CREDIT ]
What really happened in this match?
Wolo.gg analyzes every decision: build order, eco, micro, common mistakes by bracket. Personalized analysis on WhatsApp or Discord in 30 seconds.
Civ guide
Portuguese
Perfil
Jugador #22083025